 Dungeon Crawl Stone Soup version 0.30.1-11-g7821555f0a (webtiles) character file.

Game seed: 5275102421285862310

169 booth the Chopper (level 5, 0/37 HPs)
             Began as a Demonspawn Monk on Nov 8, 2023.
             Was a Believer of Hepliaklqana.
             Slain by Pikel
             ... wielding a +1 whip of flaming
              (1 damage)
             ... on level 4 of the Dungeon.
             The game lasted 00:19:16 (3809 turns).

booth the Chopper (Demonspawn Monk)                 Turns: 3809, Time: 00:19:17

Health: 0/37       AC:  4    Str: 19      XL:     5   Next: 25%
Magic:  5/5        EV: 15    Int: 10 (11) God:    Hepliaklqana [**....]
Gold:   203        SH:  0    Dex: 15 (16) Spells: 4/4 levels left

rFire   . . .        a - +0 hand axe
rCold   . . .        (no shield)
rNeg    + . .        o - +0 leather armour
rPois   .            n - +0 helmet
rElec   .            (no cloak)
rCorr   .            (no gloves)
SInv    .            (no boots)
Will    .....        m - amulet of the acrobat
Stlth   +            i - +6 ring of strength
HPRegen 0.26/turn    g - ring of positive energy
MPRegen 0.09/turn

%: acrobat
@: no status effects
A: reduced essence, repulsion field 1, demonic guardian 1, condensation shield,
deterioration 1
a: Renounce Religion, Recall Ancestor, Ancestor Identity


You were on level 4 of the Dungeon.
You worshipped Hepliaklqana.
Hepliaklqana was pleased with you.
You visited 1 branch of the dungeon, and saw 4 of its levels.

You collected 203 gold pieces.

Inventory:

Hand Weapons
 a - a +0 hand axe (weapon)
 j - a +0 mace
Missiles
 f - 3 poisoned darts (quivered)
Armour
 d - an orb of light
 n - a +0 helmet (worn)
 o - a +0 leather armour (worn)
Jewellery
 g - a ring of positive energy (right hand)
 i - a +6 ring of strength (left hand)
 l - a ring of fire
 m - an amulet of the acrobat (around neck)
Wands
 p - a wand of digging (6)
 s - a wand of paralysis (11)
Scrolls
 k - 2 scrolls of amnesia
 q - a scroll of teleportation
 r - a scroll of blinking {unknown}
 t - a scroll of vulnerability {unknown}
Potions
 b - a potion of degeneration {unknown}
 c - a potion of ambrosia
 e - a potion of brilliance {unknown}
 h - a potion of curing


   Skills:
 + Level 3.9 Fighting
 * Level 4.0 Axes
 + Level 1.3 Throwing
 + Level 3.5 Dodging


You had 4 spell levels left.
You didn't know any spells.
Your spell library contained the following spells:

 Spells                   Type           Power      Damage    Failure   Level
 Summon Ice Beast         Ice/Summ       0%         N/A       99%         4
 Summon Mana Viper        Hex/Summ       0%         N/A       100%        5
 Monstrous Menagerie      Summ           0%         N/A       100%        7


Dungeon Overview and Level Annotations

Branches:
Dungeon (4/15)
 Temple: D:4-7

Altars:
Ashenzari
Cheibriados
Hepliaklqana

Shops:
D:1 !

Annotations:
D:4 Pikel


Innate Abilities, Weirdness & Mutations

Your life essence is reduced to manifest your ancestor. (-10% HP)
You are surrounded by a mild repulsion field. (EV +2)
A weak demonic guardian rushes to your aid.
A meltable shield of frost defends you. (SH +0)
Your body sometimes deteriorates upon taking damage.


Message History

Pikel is moderately wounded.
Pikel hits your iron imp with a +1 whip of flaming!
Your iron imp dies!
Your iron imp disappears in a puff of smoke!
The lemure looks more healthy.
Pikel says, "Antaeus said I was his favorite kobold.
Me!"
You hit Pikel.
Pikel is heavily wounded.
Pikel hits you with a +1 whip of flaming.
Your condensation shield dissipates!
Pikel burns you.
You hit Pikel but do no damage. Your punch misses Pikel.
Pikel is heavily wounded.
Pikel waves his whip at you. Pikel closely misses you.
You hit Pikel.
Pikel is severely wounded.
Pikel misses you.
You closely miss Pikel.
Pikel is severely wounded.
Pikel misses you.
You hit Pikel.
Pikel is severely wounded.
Pikel hits you with a +1 whip of flaming!
Pikel burns you.
You hit Pikel.
Pikel is almost dead.
Pikel closely misses you.
You hit Pikel but do no damage.
Pikel is almost dead.
Pikel hits you with a +1 whip of flaming.
Your body deteriorates!
You feel clumsy. Pikel burns you.
* * * LOW HITPOINT WARNING * * *
You hit Pikel.
Pikel is almost dead.
Pikel hits you with a +1 whip of flaming!
* * * LOW HITPOINT WARNING * * *
A demonic guardian appears!
Pikel burns you.
You die...

#........
#.......#
#..(....# #..5...#
#.....# #..5.#
#...#
##..>############
##..(5555K@5......
#...##########....
##..## # #...#
###.# #.# #.# #.#
#.#


You could see Pikel (poisoned, ally target), 4 lemures and a friendly quasit
(summoned).

Vanquished Creatures
  Robin (D:4)
  An adder (D:3)
  2 worms (D:3)
  An orc (D:3)
  3 bats
  14 endoplasms
  7 giant cockroaches
  6 goblins
  7 hobgoblins
  3 jackals
  7 kobolds
  2 quokkas
  9 ball pythons
  5 frilled lizards (D:1)
  7 rats
75 creatures vanquished.

Vanquished Creatures (collateral kills)
  Ijyb (D:4)
  An adder (D:4)
  A worm (D:3)
  4 orcs (D:3)
  2 goblins (D:4)
  2 hobgoblins (D:4)
  2 jackals (D:2)
  2 kobolds (D:3)
15 creatures vanquished.

Vanquished Creatures (others)
  A hexer (D:4)
1 creature vanquished.

Grand Total: 91 creatures vanquished

Notes
Turn   | Place    | Note
-------+----------+-------------------------------------------
     0 | D:1      | booth the Demonspawn Monk began the quest for the Orb.
     0 | D:1      | Reached XP level 1. HP: 18/18 MP: 1/1
   171 | D:1      | Gained mutation: A weak demonic guardian rushes to your
                  | aid. [demonic ancestry]
   171 | D:1      | Reached XP level 2. HP: 12/24 MP: 2/2
   311 | D:1      | Reached skill level 3 in Axes
   731 | D:1      | Gained mutation: You are surrounded by a mild repulsion
                  | field. (EV +2) [demonic ancestry]
   731 | D:1      | Reached XP level 3. HP: 20/29 MP: 3/3
   863 | D:1      | Found Suopraf's Distillery.
  2078 | D:3      | Reached XP level 4. HP: 26/35 MP: 4/4
  2160 | D:3      | Found a broken altar of Ashenzari.
  2234 | D:3      | Found a faded altar of an unknown god.
  2783 | D:3      | Found a snail-covered altar of Cheibriados.
  2914 | D:3      | Reached skill level 1 in Throwing
  3223 | D:3      | Found a hazy altar of Hepliaklqana.
  3228 | D:3      | Became a worshipper of Hepliaklqana the Forgotten
  3228 | D:3      | Reached * piety under Hepliaklqana
  3228 | D:3      | Reached ** piety under Hepliaklqana
  3229 | D:3      | Remembered your ancestor Belshuna as a hexer
  3370 | D:3      | Gained mutation: Your body sometimes deteriorates upon
                  | taking damage. [potion of mutation]
  3545 | D:4      | Noticed Ijyb
  3545 | D:4      | Noticed Robin
  3555 | D:4      | Killed Robin
  3556 | D:4      | Killed Ijyb
  3557 | D:4      | Reached skill level 4 in Axes
  3557 | D:4      | Gained mutation: A meltable shield of frost defends you.
                  | (SH +0) [demonic ancestry]
  3557 | D:4      | Reached XP level 5. HP: 23/37 MP: 5/5
  3775 | D:4      | Noticed a lemure
  3775 | D:4      | Noticed a lemure
  3780 | D:4      | Noticed Pikel
  3780 | D:4      | Noticed a lemure
  3780 | D:4      | Noticed a lemure
  3809 | D:4      | HP: 1/37 [Pikel/+1 whip of flaming (10)]
  3809 | D:4      | Slain by Pikel

Illustrated notes

Levels and vault maps discovered:
D:1:      dpeg_arrival_rooms_a, layout_basic, serial_shops, shop
D:2:      layout_loops_cross
D:3:      layout_basic, cheibrodos_worm_habitat, ashenzari_conservatory_becter,
          lemuel_doored_altar, basic_ecumenical_altar, grunt_decor_arrowhead,
          minivault_27, st_stairs_5
D:4:      layout_cave_pods, nicolae_goblin_pals, uniq_pikel

Skill      XL: |  1  2  3  4 |
---------------+-------------+-----
Axes           | 3 4 |  4.0
Dodging        | 3 |  3.5
Throwing       | 1 |  1.3
Fighting       | |  3.9

Action                     |  1- 3 |  4- 6 || total
---------------------------+-------+-------++-------
  Melee: Hand axe          |   132 |    73 ||   205
         Punch             |       |     1 ||     1
  Throw: Dart              |     1 |     8 ||     9
 Invoke: Ancestor Life: He |       |     1 ||     1
         Ancestor Identity |       |     1 ||     1
    Use: Scroll            |     3 |     1 ||     4
         Potion            |     1 |     1 ||     2
   Stab: Sleeping          |     1 |       ||     1
 Armour: Robe              |    18 |     1 ||    19
         Leather armour    |       |     1 ||     1
  Dodge: Dodged            |   100 |    53 ||   153
  Block: Other             |       |     3 ||     3
